 Dungeon Crawl Stone Soup version 0.24.0-125-gc4c63601f3 (webtiles) character file.

Game seed: 6830182912623729985, levelgen mode: deterministic

23 Descartes the Grasshopper (level 2, -2/13 HPs)
             Began as a Felid Warper on Feb 25, 2020.
             Slain by a hobgoblin (5 damage)
             ... on level 1 of the Dungeon.
             The game lasted 00:01:42 (662 turns).

Descartes the Grasshopper (Felid Warper)             Turns: 662, Time: 00:01:43

Health: -2/13      AC:  1    Str:  7    XL:     2   Next: 72%
Magic:  5/6        EV: 18    Int: 14    God:
Gold:   46         SH:  0    Dex: 15    Spells: 1/5 levels left
                                        Lives:  0   Deaths: 0

rFire    . . .     SeeInvis +     - Unarmed
rCold    . . .     Gourm    .   (shield unavailable)
rNeg     . . .     Faith    .   (armour unavailable)
rPois    .         Spirit   .   (helmet unavailable)
rElec    .         Reflect  .   (cloak unavailable)
rCorr    .         Harm     .   (gloves unavailable)
MR       .....                  (boots unavailable)
Stlth    ++........             (no amulet)
HPRegen  0.04/turn              (no ring)
MPRegen  0.10/turn              (no ring)

@: quick
A: very small, no armour, no weapons or thrown items, stealth, claws 1, fangs 3,
see invisible, carnivore, speed 1, shaggy fur 1, slow metabolism 1, sharp paws
a: no special abilities


You were on level 1 of the Dungeon.
You were full.

You visited 1 branch of the dungeon, and saw 1 of its levels.

You collected 46 gold pieces.

Inventory:

Scrolls
 b - a scroll of blinking
 d - 3 scrolls of teleportation {unknown}
 e - a scroll of remove curse {unknown}
 f - a scroll of identify {unknown}
Potions
 a - a potion of brilliance {unknown}
Comestibles
 c - 2 rations


   Skills:
 + Level 2.2 Fighting
 + Level 3.4 Dodging
 + Level 1.0 Stealth
 * Level 2.5 Unarmed Combat
 + Level 2.2 Spellcasting
 + Level 0.2 Charms
 + Level 4.4 Translocations


You had one spell level left.
You knew the following spells:

 Your Spells              Type           Power        Failure   Level  Hunger
a - Blink                 Tloc           N/A          5%          2    ###....
b - Shroud of Golubria    Chrm/Tloc      #.....       13%         2    ###....

Your spell library contained the following spells:

 Spells                   Type           Power        Failure   Level  Hunger
 Gell's Gravitas          Tloc           ##........   11%         3    ###....
 Lesser Beckoning         Tloc           ##........   11%         3    ###....
 Teleport Other           Tloc           ##......     11%         3    ###....
 Passage of Golubria      Tloc           N/A          36%         4    #####..


Dungeon Overview and Level Annotations

Branches:
Dungeon (1/15)

Altars:


Innate Abilities, Weirdness & Mutations

You cannot wear armour.
You are incapable of wielding weapons or throwing items.
Your paws allow you to move quietly. (Stealth)
You have sharp claws.
You have razor-sharp teeth.
You have supernaturally acute eyesight. (SInv)
You are carnivorous and can eat meat at any time.
You cover ground quickly.
You are covered in fur. (AC +1)
You have a slow metabolism.
Your sharp claws are effective at attacking unaware monsters.


Message History

The ooze hits you but does no damage.
You scratch the ooze.
You kill the ooze!
Your Stealth skill increases to level 1!
You scratch the hobgoblin but do no damage.
Your shroud begins to fray at the edges.
The hobgoblin barely misses you.
You scratch the hobgoblin. Your claw misses the hobgoblin.
The hobgoblin is severely wounded.
The hobgoblin closely misses you.
You closely miss the hobgoblin.
The hobgoblin is severely wounded.
The hobgoblin barely misses you.
You barely miss the hobgoblin.
The hobgoblin is severely wounded.
The hobgoblin closely misses you.
You scratch the hobgoblin but do no damage.
The hobgoblin is severely wounded.
The hobgoblin hits you.
You die...

...'.#
#...#....#.#
#..###
#...#....#'#######
.#.#
#.#......รท...#
##.#
#.#........).#
##.#
#.##........[#
##.#
#.############
.#.# #.# #..# #.#
...+ #@# #.## #g#
.## #w# ##
####+##g# #
w......w#
....(...#
..^.....#
........#
........#


You could see 2 dart slugs and 2 hobgoblins.

Vanquished Creatures
  2 oozes (D:1)
  2 dart slugs (D:1)
  3 goblins (D:1)
  A bat (D:1)
  A frilled lizard (D:1)
  A kobold (D:1)
  2 rats (D:1)
12 creatures vanquished.

Notes
Turn   | Place    | Note
-------+----------+-------------------------------------------
     0 | D:1      | Descartes the Felid Warper began the quest for the Orb.
     0 | D:1      | Reached XP level 1. HP: 9/9 MP: 4/4
   466 | D:1      | Reached XP level 2. HP: 13/13 MP: 6/6
   481 | D:1      | Learned a level 2 spell: Blink
   484 | D:1      | Learned a level 2 spell: Shroud of Golubria
   657 | D:1      | Reached skill level 1 in Stealth
   662 | D:1      | Slain by a hobgoblin

Levels and vault maps discovered:
D:1:      roderic_octagonal_star, layout_basic, serial_glass, glass_columns_c,
          glass_columns_a

Skill      XL: |  1  2 |
---------------+-------+-----
Stealth        | 1 |  1.0
Fighting       | |  2.2
Dodging        | |  3.4
Unarmed Combat | |  2.5
Spellcasting   | |  2.2
Charms         | |  0.2
Translocations | |  4.4

Action                   || total
-------------------------++-------
Melee: Unarmed           ||    62
       Bite              ||     7
 Cast: Shroud of Golubri ||     1
  Eat: Chunk             ||     3
Armor: Skin              ||     1
Dodge: Dodged            ||    42
